cohdb
Replays
Latest Replays
All Replays
Popular Replays
Top Player Replays
Match Explorer
How It Works
Community
CoH3 Stats
Reddit
Sign in to upload your games and track your stats! →
Sign in with Steam
Match 43481701
Unlisted
Match 43481701
Overview
Messages
Build Orders
End
Kettenkrad Recon Vehicle
Construct Infanterie Kompanie
MG 42 Machine Gun Team
Selects Terror Battlegroup
Selects Machine Gun Camouflage
MG 42 Machine Gun Team
Grenadier Squad
GrW 34 Mortar Team
Medical Station
Construct Panzergrenadier Kompanie
251 Medium Carrier
Selects Contempt for the Weak
Pak 40 Anti-tank Gun Team
Panzergrenadier Squad
Panzergrenadier Squad
Pioneer Squad
Selects Defend the Fatherland
MG 42 Machine Gun Team
Nukepapa
Kiko25
FooKilla
Enoche
0
0
Comments
sign in to comment!
No comments posted yet!